 Dungeon Crawl Stone Soup version 0.22.0-38-g04b72b8 (webtiles) character file.

47 ultracola the Sneak (level 3, 14/14 HPs)
             Began as a Felid Enchanter on Aug 30, 2018.
             Quit the game on level 3 of the Dungeon.
             The game lasted 00:09:36 (3097 turns).

ultracola the Sneak (Felid Enchanter)               Turns: 3097, Time: 00:09:37

Health: 14/14      AC:  1    Str:  4    XL:     3   Next: 48%
Magic:  7/7        EV: 18    Int: 17    God:
Gold:   72         SH:  0    Dex: 16    Spells: 0/6 levels left
                                        Lives:  0   Deaths: 1

rFire    + . .     SeeInvis +     - Unarmed
rCold    . . .     Gourm    .   (shield unavailable)
rNeg     . . .     Faith    .   (armour unavailable)
rPois    .         Spirit   .   (helmet unavailable)
rElec    .         Reflect  .   (cloak unavailable)
rCorr    .         Harm     .   (gloves unavailable)
MR       .....                  (boots unavailable)
Stlth    ++++......             (no amulet)
HPRegen  0.04/turn              k - ring of protection from fire (curse)
MPRegen  0.10/turn              p - ring of wizardry

@: quick
A: very small, no armour, no weapons or thrown items, stealth, claws 1, fangs 3,
see invisible, carnivore, speed 1, shaggy fur 1, slow metabolism 1, sharp paws
a: no special abilities


You were on level 3 of the Dungeon.
You were not hungry.

You visited 1 branch of the dungeon, and saw 3 of its levels.

You collected 72 gold pieces.

Inventory:

Jewellery
 k - a cursed ring of protection from fire (left paw)
 l - an uncursed amulet of guardian spirit
 p - a ring of wizardry (right paw)
Scrolls
 a - a scroll of fog {unknown}
 c - 2 scrolls of remove curse {unknown}
 d - a scroll of teleportation {unknown}
 g - a scroll of enchant weapon {unknown}
 n - 2 scrolls of magic mapping {unknown}
 s - a scroll of blinking {unknown}
Potions
 e - a potion of curing {unknown}
 f - a potion of cancellation
 h - a potion of haste {unknown}
 j - a potion of heal wounds {unknown}
 m - a potion of ambrosia {unknown}
 o - a potion of degeneration {unknown}
 q - a potion of might {unknown}
 r - a potion of agility {unknown}
Comestibles
 b - 5 rations
 i - a chunk of flesh


   Skills:
 - Level 2.6 Dodging
 - Level 6.0 Stealth
 + Level 3.1 Unarmed Combat
 - Level 2.0 Spellcasting
 + Level 4.4 Hexes


You couldn't memorise any spells.
You knew the following spells:

 Your Spells              Type           Power        Failure   Level  Hunger
a - Corona                Hex            ###....      1%          1    #......
b - Ensorcelled Hibernat  Hex/Ice        #.....       4%          2    ###....
c - Confuse               Hex            ###.....     4%          3    ###....

Your spell library contained the following spells:

 Spells                   Type           Power        Failure   Level  Hunger
 Tukima's Dance           Hex            ###.....     4%          3    ###....
 Dazzling Spray           Conj/Hex       #.....       10%         3    ###....


Dungeon Overview and Level Annotations

Branches:
Dungeon (3/15)

Altars:
Ashenzari
Nemelex Xobeh

Annotations:
D:1 exclusion: 2 downstairs
D:3 Grinder


Innate Abilities, Weirdness & Mutations

You cannot wear armour.
You are incapable of wielding weapons or throwing items.
Your paws allow you to move quietly. (Stealth)
You have sharp claws.
You have razor-sharp teeth.
You have supernaturally acute eyesight. (SInv)
You are carnivorous and can eat meat at any time.
You cover ground quickly.
You are covered in fur. (AC +1)
You have a slow metabolism.
Your sharp claws are effective at attacking unaware monsters.


Message History

The ogre looks drowsy...
You pounce on the unaware helpless ogre!
You mangle the ogre!! You bite the ogre.
The ogre is severely wounded.
The ogre barely misses you.
Some of the chunks of flesh in your inventory have rotted away.
Casting: Ensorcelled Hibernation (safe; 4% risk of failure)
Confirm with . or Enter, or press ? or * to list all spells.
Aiming: Confuse (safe; 4% risk of failure)
Press: ? - help, Shift-Dir - straight line, f/p - ogre
Aim: an ogre, wielding a giant spiked club (severely wounded, chance to defeat MR: 47%)
The ogre appears confused.
The ogre hits you with a giant spiked club!!
Ouch! That really hurt!
You die...
You are now level 3!
You rejoin the land of the living...
Unknown command.
Unknown command.
Are you sure you want to abandon this character and quit the game? (Confirm with "yes".)

#)###.###.# #.# $#
###.###.# #.......# #.#
.############....######.#
............#.......>##.#
####.#.####.##...###.##.#
#.#.# #.###<####.##.#
#.#.# #...>.@.......#
##.#.#############..#.#
#.......# #..#.#
#...(...# #....#
#.......# #..###
#.......# #..# #.......#
########..# #..)....#
#.........# #.....<.#
#.######..#


There were no monsters in sight!

Vanquished Creatures
  A gnoll (D:1)
  3 adders
  A worm (D:2)
  2 dart slugs (D:1)
  2 leopard geckos
  4 giant cockroaches (D:1)
  5 goblins
  8 hobgoblins
  7 kobolds
  A quokka (D:3)
  11 bats
  3 frilled lizards
  8 rats
56 creatures vanquished.

Notes
Turn   | Place    | Note
-------+----------+-------------------------------------------
     0 | D:1      | ultracola the Felid Enchanter began the quest for the Orb.
     0 | D:1      | Reached XP level 1. HP: 7/7 MP: 4/4
   148 | D:1      | Reached XP level 2. HP: 11/11 MP: 6/6
   155 | D:1      | Learned a level 2 spell: Ensorcelled Hibernation
   722 | D:1      | Reached skill level 5 in Stealth
   722 | D:1      | Reached XP level 3. HP: 14/14 MP: 0/7
   791 | D:1      | Learned a level 3 spell: Confuse
  1875 | D:2      | Found a sparkling altar of Nemelex Xobeh.
  1979 | D:2      | Found a shattered altar of Ashenzari.
  2189 | D:2      | Reached XP level 4. HP: 13/18 MP: 8/8
  2408 | D:2      | Noticed an orc warrior
  2891 | D:3      | Noticed Grinder
  2961 | D:3      | Found a faded altar of an unknown god.
  2982 | D:3      | Reached skill level 6 in Stealth
  3060 | D:3      | Noticed an ogre
  3096 | D:3      | Slain by an ogre
  3097 | D:3      | Reached XP level 3. HP: -3/14 MP: 3/7
  3097 | D:3      | Quit the game

Skill      XL: |  1  2  3  4 |
---------------+-------------+-----
Unarmed Combat | 2 3 |  3.1
Stealth        | 5 6 |  6.0
Dodging        | |  2.6
Spellcasting   | |  2.0
Hexes          | |  4.4

Action                   |  1- 3 |  4- 6 || total
-------------------------+-------+-------++-------
Melee: Unarmed           |   117 |    27 ||   144
       Bite              |     7 |     1 ||     8
       Punch             |     1 |       ||     1
 Cast: Corona            |     8 |       ||     8
       Ensorcelled Hiber |    21 |     7 ||    28
       Confuse           |       |     1 ||     1
  Use: Scroll            |       |     2 ||     2
 Stab: Sleeping          |    21 |    15 ||    36
  Eat: Chunk             |    11 |     3 ||    14
Armor: Skin              |    14 |       ||    14
Dodge: Dodged            |   130 |    15 ||   145
